 Dungeon Crawl Stone Soup version 0.20.1-1-g8b1a95d (webtiles) character file.

97 Irenicus the Cutter (level 5, -5/32 HPs)
             Began as a Kobold Chaos Knight on Oct 11, 2017.
             Killed from afar by a steam dragon (shapeshifter) (11 damage)
             ... with a ball of steam
             ... on level 3 of the Dungeon.
             The game lasted 00:04:36 (1276 turns).

Irenicus the Cutter (Kobold Chaos Knight)           Turns: 1276, Time: 00:04:37

Health: -5/32      AC:  5    Str:  6 (9)  XL:     5   Next: 0%
Magic:  5/5        EV: 15    Int: 12 (14) God:    Xom [*.....]
Gold:   90         SH:  0    Dex: 15 (17) Spells: 4/4 levels left

rFire    . . .     SeeInvis .   a - +0 short sword (chaos)
rCold    . . .     Gourm    .   (shield restricted)
rNeg     . . .     Faith    .   b - +2 leather armour
rPois    .         Spirit   .   (helmet restricted)
rElec    .         Reflect  .   (no cloak)
rCorr    .         Harm     .   (no gloves)
MR       .....     Clarity  +   (no boots)
Stlth    +.........             (no amulet)
Regen    0.1/turn               (no ring)
MPRegen  0.1/turn               (no ring)

@: no status effects
A: antennae 1, claws 1, agile 1, carnivore 3, clarity
a: Renounce Religion


You were on level 3 of the Dungeon.
You worshipped Xom.
You were a special plaything of Xom.
You were completely stuffed.

You visited 1 branch of the dungeon, and saw 3 of its levels.

You collected 90 gold pieces.

Inventory:

Hand Weapons
 a - a +0 short sword of chaos (weapon)
Armour
 b - a +2 leather armour (worn)
Scrolls
 e - a scroll of enchant weapon {unknown}
 f - a scroll of magic mapping {unknown}
 h - a scroll of random uselessness {unknown}
 j - 2 scrolls of identify {unknown}
 k - a scroll of immolation {unknown}
 m - a scroll of blinking {unknown}
 p - a scroll of enchant armour {unknown}
 s - a scroll of remove curse {unknown}
Potions
 g - a potion of mutation {unknown}
 i - a potion of heal wounds {unknown}
 l - a potion of curing {unknown}
 o - a potion of degeneration
Comestibles
 c - 3 meat rations


   Skills:
 - Level 3.2 Fighting
 + Level 6.5 Short Blades
 - Level 1.0 Armour
 - Level 3.0 Dodging
 + Level 0.8 Stealth


You had 4 spell levels left.
You didn't know any spells.

Dungeon Overview and Level Annotations

Branches:
Dungeon (3/15)

Altars:
Ashenzari


Innate Abilities, Weirdness & Mutations

You are small and have problems with some larger weapons.
You are carnivorous and can eat meat at any time.
You have a pair of small antennae on your head.
You have sharp fingernails.
You are agile. (Dex +2)
You possess an exceptional clarity of mind.


Message History

There was something very wrong with that liquid.
You feel weakened.
You feel dopey.
You feel clumsy.
You are engulfed in a cloud of scalding steam.
Something bites you but does no damage. Something claws you but does no damage.
It was a potion of brilliance.
You feel clever all of a sudden.
Xom roars with laughter!
You are engulfed in a cloud of scalding steam.
Something bites you but does no damage. Something claws you but does no damage.
It was a potion of cancellation.
Your magical effects are unravelling.
You feel magically purged.
You are engulfed in a cloud of scalding steam.
You feel less wooden.
Your +2 leather armour unmelds from your body.
You feel a little less clever now.
You hear a roar.
A ball of steam appears from out of thin air!
The ball of steam hits you!
You die...

#.##
#..#
##.#
#.##
#..#
##.#
#.#
#{#
#@#
#§#
#§#
#.#
#.#
#.#
#.#
#.#
#.#


There were no monsters in sight!

Vanquished Creatures
  4 adders
  An ooze (D:1)
  2 leopard geckos (D:1)
  6 orcs (D:3)
  5 bats
  3 giant cockroaches
  7 hobgoblins
  3 jackals (D:2)
  4 kobolds
  2 ball pythons
  4 frilled lizards (D:1)
  A goblin (D:2)
  7 rats
49 creatures vanquished.

Notes
Turn   | Place    | Note
-------+----------+-------------------------------------------
     0 | D:1      | Irenicus the Kobold Chaos Knight began the quest for the Orb.
     0 | D:1      | Reached XP level 1. HP: 14/14 MP: 1/1
    67 | D:1      | XOM: potion effect (brilliance)
    69 | D:1      | XOM: potion effect (might)
    75 | D:1      | Reached XP level 2. HP: 19/19 MP: 2/2
   226 | D:1      | Reached XP level 3. HP: 20/23 MP: 3/3
   254 | D:1      | Reached skill level 5 in Short Blades
   396 | D:1      | Found a shattered altar of Ashenzari.
   408 | D:1      | XOM: silly message
   548 | D:2      | Reached XP level 4. HP: 22/28 MP: 4/4
   554 | D:2      | Found a shattered altar of Ashenzari.
   646 | D:2      | Reached skill level 6 in Short Blades
   673 | D:2      | XOM: harmless Fire miscast
   891 | D:3      | Reached skill level 1 in Armour
   941 | D:3      | XOM: butterfly on damage
   995 | D:3      | XOM: enchant monster (bad)
  1002 | D:3      | XOM: give mutations
  1002 | D:3      | Gained mutation: You possess an exceptional clarity of mind. [Xom's grace]
  1002 | D:3      | Gained mutation: You are agile. (Dex +2) [Xom's grace]
  1002 | D:3      | Gained mutation: You have a pair of small antennae on your head. [Xom's grace]
  1002 | D:3      | Gained mutation: You have sharp fingernails. [Xom's grace]
  1025 | D:3      | XOM: butterfly on damage
  1028 | D:3      | Noticed a boggart
  1028 | D:3      | an orc priest changed into a boggart
  1032 | D:3      | Noticed a wolf
  1032 | D:3      | a boggart changed into a wolf
  1039 | D:3      | XOM: mild Erth miscast
  1256 | D:3      | Noticed a sky beast
  1258 | D:3      | Reached XP level 5. HP: 32/32 MP: 5/5
  1267 | D:3      | Noticed a naga
  1267 | D:3      | a sky beast changed into a naga
  1272 | D:3      | Noticed a steam dragon
  1272 | D:3      | a naga changed into a steam dragon
  1272 | D:3      | XOM: polymorph naga -> steam dragon
  1276 | D:3      | Killed from afar by a steam dragon (shapeshifter)

Skill      XL: |  1  2  3  4 |
---------------+-------------+-----
Short Blades   | 5 6 |  6.5
Dodging        | 3 |  3.0
Armour         | 1 |  1.0
Fighting       | |  3.2
Stealth        | |  0.8

Action                   |  1- 3 |  4- 6 || total
-------------------------+-------+-------++-------
Melee: Short sword       |    77 |    94 ||   171
  Use: Potion            |       |     4 ||     4
 Stab: Confused          |     1 |     1 ||     2
       Petrifying        |       |     1 ||     1
  Eat: Chunk             |     7 |     3 ||    10
Armor: Leather armour    |    21 |    16 ||    37
       Skin              |       |     9 ||     9
Dodge: Dodged            |    59 |    59 ||   118
